AoeStats
← posteau.w

Arena

508447521Analyzed
1v1 RM · 8d ago on Sep 22, 2026· 46m 1s· 2 players
Game mode
Random Map
Map size
Tiny (2 player)
Population
200
Speed
Normal
Resources
Standard
Victory
Conquest
Starting age
Dark Age
Ending age
Imperial Age
RankedLock teamsTeams togetherTeam positionsShared explorationLock speedFull tech treeHidden civsTurbo modeCheats
Victory
Defeat
🇧🇷 Bulgarians · Brazil
744
+15
🇧🇪 Cumans · Belgium
719
-15
posteau.w
10:02 Feudal Age
11:17 Double-Bit Axe
11:15 Horse Collar
13:47 Gold Mining
15:46 Wheelbarrow
18:33 Stone Mining
21:45 Castle Age
20:55 Loom
22:38 Bow Saw
22:30 Heavy Plow
23:39 Forging
23:34 Scale Barding Armor
24:35 Bloodlines
27:42 Steppe Husbandry
28:12 Hand Cart
32:38 Gold Shaft Mining
32:41 Iron Casting
32:27 Chain Barding Armor
38:25 Imperial Age
40:09 Two-Man Saw
39:43 Crop Rotation
40:16 Blast Furnace
39:52 Plate Barding Armor
38:42 Capped Ram
39:34 Elite Steppe Lancer
40:54 Conscription
Blopinha
9:56 Feudal Age
11:20 Wheelbarrow
10:27 Horse Collar
10:34 Double-Bit Axe
15:11 Stone Mining
19:05 Gold Mining
21:30 Forging
21:21 Scale Mail Armor
23:38 Castle Age
21:57 Arson
23:32 Scale Barding Armor
24:44 Hand Cart
25:08 Gold Shaft Mining
24:35 Heavy Plow
24:48 Bow Saw
29:19 Stone Shaft Mining
32:16 Husbandry
32:40 Chain Barding Armor
32:56 Iron Casting
32:55 Stirrups
37:45 Imperial Age
35:29 Herbal Medicine
38:15 Elite Konnik
39:38 Conscription
45:08 Plate Barding Armor
45:34 Blast Furnace
46:10 Illumination
Connection lost

Rejoining the realm…

Still unreachable

The connection could not be restored.

Session expired

The server has moved on; the page needs a fresh start.